Map: Recife Abissal LE

Players

TheZergLord - Winner!

  • Race: Zerg Zerg
  • League: Grandmaster
  • Spawn Location: 5:00

NetMecH

  • Race: Terran Terran
  • League: Master
  • Spawn Location: 11:00

VOD

Have the link to the VOD?

Description

Time

  • Played on: June 13, 2017, 2:20 p.m.
  • Length: 3:30
Show
View Real Time Build Order
Export as new Build Order

TheZergLord Zerg - Winner!

Build Orders: Hatch First 

Get SALT Encoding   

  12  0:01  Drone  
  13  0:12  Overlord  
  13  0:18  Drone  
  14  0:32  Drone x2  
  16  0:36  Drone  
  17  0:53  Hatchery  
  16  0:57  Drone  
  16  0:59  Drone  
  16  1:02  Extractor  
  17  1:16  Spawning Pool  
  17  1:18  Drone  
  17  1:21  Drone  
  18  1:28  Drone  
  19  1:39  Overlord  
  19  2:05  Queen, Metabolic Boost  
  19  2:06  Zergling x4  
  19  2:08  Queen  
  24  2:16  Zergling x4  
  26  2:27  Zergling x4  
  27  2:34  Zergling x2  
  26  2:44  Zergling x4  
  26  2:45  Zergling x2  
  29  3:09  Zergling x4  
  29  3:10  Zergling x4  
  35  3:17  Spine Crawler  
Show
View Real Time Build Order
Export as new Build Order

NetMecH Terran 

Build Orders:  

Get SALT Encoding   

  12  0:00  SCV  
  13  0:12  SCV  
  14  0:18  Supply Depot  
  14  0:40  Barracks  
  14  0:44  Refinery  
  14  0:55  Barracks  
  14  1:27  Reaper  
  14  1:29  Barracks  
  14  1:31  Refinery  
  15  1:44  Reaper  
  16  2:00  Reaper  
  17  2:17  Reaper  
  17  2:18  Reaper  
  19  2:32  Reaper  
  20  2:49  Reaper  
  20  2:50  Reaper  
  21  3:08  Bunker  
Tags
 
Add a new tag
Caveats
  • Supply blocks, unpowered buildings, or Contaminate may cause inaccurate times.
  • Supply counts are checked every 10 seconds.